 Dungeon Crawl Stone Soup version 0.21-a0-338-g36cf2fc (webtiles) character file.

253 nikopol the Chopper (level 6, 0/58 HPs)
             Began as a Gargoyle Berserker on Oct 2, 2017.
             Was a Believer of Trog.
             Slain by an ogre
             ... wielding a +0 giant spiked club
              (22 damage)
             ... on level 4 of the Dungeon on Oct 3, 2017.
             The game lasted 00:05:29 (2761 turns).

nikopol the Chopper (Gargoyle Berserker)            Turns: 2761, Time: 00:05:30

Health: 0/58       AC: 15    Str: 25    XL:     6   Next: 14%
Magic:  6/6        EV: 11    Int:  8    God:    Trog [**....]
Gold:   248        SH:  0    Dex: 11    Spells: 5/5 levels left

rFire    + . .     SeeInvis .   a - +0 hand axe
rCold    . . .     Gourm    .   (no shield)
rNeg     + . .     Faith    .   A - +0 scale mail
rPois    ∞         Spirit   .   r - +0 helmet
rElec    +         Reflect  .   F - +2 cloak {+Inv}
rCorr    .         Harm     .   (no gloves)
MR       .....     Rnd*Tele +   (no boots)
Stlth    ..........             (no amulet)
HPRegen  0.19/turn              E - ring of protection from fire
MPRegen  0.10/turn              k - ring of teleportation (curse)

@: berserking, very quick
A: negative energy resistance 1, electricity resistance, unbreathing,
petrification resistance, rot immunity, AC +4
a: Berserk, Trog's Hand, Burn Spellbooks, Renounce Religion, Evoke Invisibility


You were on level 4 of the Dungeon.
You worshipped Trog.
Trog was pleased with you.
You were hungry.

You visited 1 branch of the dungeon, and saw 4 of its levels.

You collected 248 gold pieces.

Inventory:

Hand Weapons
 a - a +0 hand axe (weapon)
Missiles
 h - 58 arrows
Armour
 r - a +0 helmet (worn)
 A - a +0 scale mail (worn)
 F - a +2 cloak of invisibility (worn)
Jewellery
 e - an uncursed ring of positive energy
 k - a cursed ring of teleportation (right hand)
 E - a ring of protection from fire (left hand)
Scrolls
 l - a scroll of noise {unknown}
 m - 2 scrolls of identify {unknown}
 o - 3 scrolls of remove curse {unknown}
 s - a scroll of enchant weapon {unknown}
 t - a scroll of amnesia {unknown}
 x - a scroll of recharging {unknown}
 y - a scroll of random uselessness {unknown}
 B - a scroll of fog {unknown}
 C - a scroll of magic mapping {unknown}
 D - a scroll of fear {unknown}
Potions
 f - 3 potions of agility {unknown}
 g - a potion of mutation {unknown}
 n - 2 potions of lignification {unknown}
 q - 2 potions of curing {unknown}
 u - a potion of degeneration {unknown}
 v - a potion of flight {unknown}
 z - a potion of magic {unknown}
Comestibles
 c - 4 bread rations
 j - 3 fruits
 p - 4 royal jellies
 w - 6 chunks of flesh


   Skills:
 + Level 4.3 Fighting
 + Level 4.8 Axes
 + Level 3.1 Armour
 + Level 2.2 Dodging


You had 5 spell levels left.
You didn't know any spells.

Dungeon Overview and Level Annotations

Branches:
Dungeon (4/15)             Temple (0/1) D:4

Altars:
Cheibriados
Dithmenos
Elyvilon
Hepliaklqana
Qazlal
Zin


Innate Abilities, Weirdness & Mutations

You are resistant to torment.
Your stone body is resilient. (AC +4)
You are immune to poison.
You resist negative energy. (rN+)
You are resistant to electric shocks. (rElec)
You can survive without breathing.
You are immune to petrification.
You are immune to rotting.


Message History

You hit the ogre.
The ogre is almost dead.
You closely miss the worker ant. The worker ant barely misses you.
The ogre hits you with a giant spiked club.
You are too injured to fight recklessly!
You are too injured to fight recklessly!
You are too injured to fight recklessly!
You are too injured to fight recklessly!
You are too injured to fight recklessly!
You are too injured to fight recklessly!
You are too injured to fight recklessly!
A red film seems to cover your vision as you go berserk!
You feel yourself moving faster!
You feel mighty!
You are feeling hungry.
The worker ant barely misses you. The worker ant bites you.
You completely miss the ogre.
The ogre is almost dead.
You barely miss the worker ant.
The ogre hits you with a giant spiked club!!
You die...

.....##.##.####.# #.
##..............#.# #.
###..######.##....#.# #.
........# #.#####.#.# #.
#.....#.# #.#####.#.###.
!.......# #.............
#?⌠.⌠.#.# ####......###.
......O.#####...........
#@.........§..####
..._..a.##.###.§§...#
#.....#.##.# #......# #
........##.# #......# ##
#.⌠.⌠.#.##.# #.####.###.
.......?##.# #.# #.....
#.... #.##.# #.# #.###.
..... .....# #.# #.##..
#.. ..# #.##.#


You could see an ogre and a worker ant.

Vanquished Creatures
  An ogre (D:4)
  Crazy Yiuf (D:4)
  Terence (D:3)
  A worker ant (D:4)
  4 adders
  An ooze (D:3)
  A worm (D:4)
  3 leopard geckos
  2 orcs (D:3)
  A giant cockroach (D:3)
  3 hobgoblins
  5 jackals
  8 kobolds
  8 bats
  5 frilled lizards
  5 goblins
  A leopard gecko skeleton (D:4)
  8 rats
59 creatures vanquished.

Notes
Turn   | Place    | Note
-------+----------+-------------------------------------------
     0 | D:1      | nikopol the Gargoyle Berserker began the quest for the Orb.
     0 | D:1      | Reached XP level 1. HP: 14/14 MP: 1/1
   473 | D:1      | Reached XP level 2. HP: 13/19 MP: 2/2
   921 | D:2      | Upgraded the game from 0.21-a0-331-gfb491b4 to 0.21-a0-338-g36cf2fc
  1035 | D:2      | Reached XP level 3. HP: 24/24 MP: 3/3
  1114 | D:2      | Found a glowing silver altar of Zin.
  1139 | D:2      | Found a shadowy altar of Dithmenos.
  1145 | D:2      | Found a hazy altar of Hepliaklqana.
  1184 | D:2      | Found a stormy altar of Qazlal.
  1184 | D:2      | Found a snail-covered altar of Cheibriados.
  1236 | D:2      | Reached ** piety under Trog
  1690 | D:3      | Reached XP level 4. HP: 29/29 MP: 4/4
  1868 | D:3      | Noticed Terence
  1887 | D:3      | Killed Terence
  2242 | D:4      | Found a staircase to the Ecumenical Temple.
  2255 | D:4      | Reached XP level 5. HP: 25/33 MP: 5/5
  2584 | D:4      | Noticed an ogre
  2591 | D:4      | Killed an ogre
  2591 | D:4      | Reached XP level 6. HP: 38/38 MP: 6/6
  2651 | D:4      | Found a runed door.
  2655 | D:4      | Noticed Crazy Yiuf
  2666 | D:4      | Killed Crazy Yiuf
  2747 | D:4      | Found a white marble altar of Elyvilon.
  2761 | D:4      | Slain by an ogre

Vault maps used:
D:1:      onia_arrival_pentagram, minmay_misc_feat_tower
D:2:      lemuel_crystal_altar, grunt_dithmenos_smoke, zin_scriptorium,
          gammafunk_temple_overflow_statue, lemuel_another_geyser
D:3:      uniq_terence
D:4:      elyvilon_altar_5, minmay_temple_entry_purple_smoke, first_bread,
          uniq_crazy_yiuf_cottage

Skill      XL: |  1  2  3  4  5 |
---------------+----------------+-----
Axes           | 3 4 |  4.8
Dodging        | 2 |  2.2
Fighting       | 4 |  4.3
Armour         | 3 |  3.1

Action                   |  1- 3 |  4- 6 || total
-------------------------+-------+-------++-------
Melee: Hand axe          |   141 |   126 ||   267
Invok: Berserk           |       |     2 ||     2
  Eat: Chunk             |     2 |     5 ||     7
Armor: Ring mail         |    76 |    24 ||   100
       Animal skin       |    11 |       ||    11
       Scale mail        |       |    38 ||    38
Dodge: Dodged            |    95 |    67 ||   162

Table legend:
 A = Spawn XP
 B = Non-spawn XP
 C = Spawn XP percentage of total XP
 D = Spawn monster count
 E = Non-spawn monster count
 F = Spawn count percentage of total count
 G = Total turns spent on level
                    A         B        C        D         E        F      G
               +---------+---------+-------+---------+---------+-------+---------
         Total |       0 |     362 |   0.0 |       0 |      59 |   0.0 |  2761
               +---------+---------+-------+---------+---------+-------+---------
           D:1 |       0 |      17 |   0.0 |       0 |      13 |   0.0 |   920
           D:2 |       0 |      48 |   0.0 |       0 |      17 |   0.0 |   627
           D:3 |       0 |      89 |   0.0 |       0 |      21 |   0.0 |   615
           D:4 |       0 |     208 |   0.0 |       0 |       8 |   0.0 |   599
               +---------+---------+-------+---------+---------+-------+---------
